Thundarrgh, chaotic female orcish Barbarian ------------ -------------- |..........| |............| #...........| |............| ###|..........| |............| ### |..........| |...........<| ### #...........| .............. ### ###|..........| ----------|--- ### # ------------ #### # ### # ### # ### # # # ###########=# :M##############-----------# --+------- o----------- #|.........|# |........| o|.........+####+..........# |........| #|.........| # |.........| |...[....-##########|..........### ----------- ---------- ----------- Thundarrgh the Bandit Experience level: 6 Strength: 18/01 Dexterity: 17 Constitution: 18 Intelligence: 8 Wisdom: 3 Charisma: 7 Health: 0(57) Energy: 4(4) Def: 0 Gold: 256 Moves: 5022 Dungeon seed: NCBM0hUu8KOOjzXr Game ID: Thundarrgh_1568583852 Your Inventory: Rings S - an uncursed ring of slow digestion named . (on left hand) Armor n - an uncursed +0 orcish cloak r - an uncursed +0 pair of leather gloves Weapons c - an uncursed +0 trident named +0 . (weapon in hand) q - an uncursed +3 dagger named +3 . (in quiver) Comestibles M - an uncursed food ration N - 2 uncursed fortune cookies O - an uncursed orange U - an uncursed lichen corpse Tools e - an uncursed oil lamp (0:504) i - an uncursed bag of holding named Y j - an uncursed skeleton key p - an uncursed towel Coins $ - 256 gold pieces Contents of the bag of holding named Y: an uncursed +0 dwarvish cloak an uncursed +1 pair of gauntlets of power an uncursed wand of slow monster named zi (0:5) a blessed potion of sleeping named . an uncursed scroll of charging a blessed scroll of create monster 2 uncursed scrolls of destroy armor an uncursed agate stone an uncursed touchstone named . 2 uncursed worthless pieces of blue glass an uncursed worthless piece of red glass 4 uncursed worthless pieces of violet glass an uncursed worthless piece of violet glass named <. 2> an uncursed worthless piece of violet glass named <@ 2* an uncursed worthless piece of white glass Spells and supernatural/magical abilities: Name Level Category Fail Memory W - pray for help -- divine ? -- Your skills at the end: Fighting Skills bare handed combat [Basic] Weapon Skills axe [Basic] long sword [Basic] two-handed sword [Basic] trident [Basic] bow [Basic] Spellcasting Skills Final Attributes: You were piously aligned. You were poison resistant. You were hallucinating. You had infravision. You had slower digestion. You were a werejackal. You are dead. Vanquished creatures: a dwarf lord 2 Uruk-hai 8 gnome lords a gnomish wizard a gray ooze a giant ant 2 little dogs 2 floating eyes 8 dwarves a homunculus a kobold lord a kobold shaman 5 hill orcs 2 rabid rats 2 giant bats 3 dwarf zombies a wererat a werejackal an iguana 2 acid blobs 2 gas spores 3 hobbits 3 giant rats a cave spider a brown mold 21 gnomes 3 geckos 5 jackals a fox 3 kobolds 5 sewer rats 8 grid bugs 3 lichens a kobold zombie 6 newts and a partridge in a pear tree 112 creatures vanquished. Voluntary challenges: You were an atheist. You used a wielded weapon 87 times, starting on turn 594. You read items or engraved 3 times, starting on turn 583. You never genocided any monsters. You never polymorphed an object. You changed form 7 times, starting on turn 4259. You used no wishes. You never split a pudding. You never wrote Elbereth's name. You violated your moral code, losing 66 points of alignment, starting on turn 1839. You abstained from Elbereth's help. You werepermanently hallucinating. Dungeon overview: The Dungeons of Doom: levels 1 to 6 Level 1 a long staircase Level 2 a general store stairs to The Gnomish Mines Level 3 Level 4 some fountains Level 5 a fountain Level 6 <- You were here The Gnomish Mines: levels 3 to 5 Level 3 stairs to The Dungeons of Doom Level 4 Level 5 History has recorded: On T:1 you entered the Dungeons of Doom to retrieve the Amulet of Yendor! On T:152 you reached level 2 of The Dungeons of Doom. On T:581 you reached level 1 of The Gnomish Mines. On T:613 you advanced to experience level 2. On T:782 you reached level 3 of The Dungeons of Doom. On T:845 you advanced to experience level 3. On T:1253 you advanced to experience level 4. On T:1517 you reached level 2 of The Gnomish Mines. On T:1565 you advanced to experience level 5. On T:2481 you reached level 3 of The Gnomish Mines. On T:2553 you advanced to experience level 6. On T:4048 you reached level 4 of The Dungeons of Doom. On T:4617 you reached level 5 of The Dungeons of Doom. On T:4802 you reached level 6 of The Dungeons of Doom. Score breakdown: Gold: 256 ( 8197 points) Experience: 6 levels (12456 points) Exploration: 6 levels ( 11.54%) ( 9393 points) Discoveries: 10 items ( 4.08%) ( 6060 points) Valuables value: (no points given unless you survive) Artifact value: 0 ( 0 points) Variety of kills: 35 monsters ( 9.19%) ( 9092 points) Turncount: 5022 turns (-1361 points) Survival: died (score multiplied by 80%) Total score: 35069 Latest messages: You are now wielding your trident named +0 .. You have no secondary weapon readied. You are not wearing any armor. You hit it. The attorney summons help! The lion-dog hits! You hit it. The large kobold bites! The jester bites! The giant mummy bites! You hear the splashing of a naiad. You miss it. The Ewok bites! The guardian naga hatchling bites! The nyaasu bites! You hit it. The air elemental bites! The fire ant bites! The brown mold bites! You hit it. The forest centaur bites! You die... Final status: Goodbye Thundarrgh the Barbarian, killed by a hallucinogen-distorted wolf... You died in The Dungeons of Doom on dungeon level 6 with 35069 points, and 256 pieces of gold, after 5022 moves. You were level 6 with a maximum of 57 hit points when you died.